 Dungeon Crawl Stone Soup version 0.26-a0-1021-gda264ca44c (webtiles) character file.

Game seed: 17289771824716652551

1878 runemasterragnar the Insei (level 9, -3/120 HPs)
             Began as a Gnoll Transmuter on Dec 9, 2020.
             Was a Believer of Sif Muna.
             Slain by a killer bee (7 damage)
             ... on level 8 of the Dungeon.
             The game lasted 00:12:41 (8257 turns).

runemasterragnar the Insei (Gnoll Transmuter)       Turns: 8257, Time: 00:12:42

Health: -3/120     AC:  6    Str: 18    XL:     9   Next: 14%
Magic:  16/18      EV: 16    Int: 19    God:    Sif Muna [**....]
Gold:   484        SH:  0    Dex: 16    Spells: 5/20 levels left

rFire    x . .     SeeInvis .     - Unarmed
rCold    + + +     Faith    .   (shield currently unavailable)
rNeg     . . .     Spirit   .   (armour currently unavailable)
rPois    +         Reflect  .   (helmet currently unavailable)
rElec    .         Harm     .   (cloak currently unavailable)
rCorr    .         Rampage  .   (gloves currently unavailable)
Will     .....     Clarity  +   (boots currently unavailable)
Stlth    ..........             (no amulet)
HPRegen  0.30/turn              w - ring of poison resistance
MPRegen  0.16/turn              o - +6 ring of strength

@: berserking (expiring), lethally poisoned (-3 -> -5), ice-form, very quick
A: large, distributed training, repulsion field 1, clarity, deterioration 1,
strong nose
a: End Transformation, Channel Magic, Renounce Religion


You were on level 8 of the Dungeon.
You worshipped Sif Muna.
Sif Muna was pleased with you.
You were a creature of crystalline ice.
You visited 1 branch of the dungeon, and saw 8 of its levels.
You also visited: Ossuary.

You collected 484 gold pieces.

Inventory:

Hand Weapons
 b - a +2 short sword of draining (melded)
 B - a +1 dagger of venom
Missiles
 e - 10 poisoned darts
Armour
 a - a +0 robe
 r - a +0 pair of boots
 s - a +0 leather armour
 C - a +1 robe of willpower (melded)
Jewellery
 g - an uncursed amulet of guardian spirit
 o - a +6 ring of strength (right front paw)
 w - a ring of poison resistance (left front paw)
 A - an uncursed ring of teleportation
 E - an uncursed ring of flight
Wands
 n - a wand of disintegration (13) (quivered)
Scrolls
 d - 3 scrolls of random uselessness {unknown}
 f - 3 scrolls of noise
 h - 4 scrolls of teleportation
 m - 3 scrolls of fear {unknown}
 p - 2 scrolls of enchant weapon {unknown}
 t - 3 scrolls of enchant armour {unknown}
 v - 2 scrolls of blinking {unknown}
 x - a scroll of immolation {unknown}
 y - 2 scrolls of magic mapping {unknown}
 F - a scroll of torment {unknown}
Potions
 i - a potion of cancellation
 j - 3 potions of attraction
 k - 4 potions of resistance
 q - 2 potions of flight
 u - a potion of mutation
 z - 2 potions of might
 D - a potion of brilliance {unknown}
 H - a potion of curing


   Skills:
 + Level 4.8 Fighting
 + Level 3.9 Short Blades
 + Level 3.9 Long Blades
 + Level 3.9 Axes
 + Level 3.9 Maces & Flails
 + Level 3.9 Polearms
 + Level 3.9 Staves
 + Level 3.9 Slings
 + Level 3.9 Bows
 + Level 3.9 Crossbows
 + Level 3.9 Throwing
 + Level 3.9 Armour
 + Level 6.1 Dodging
 + Level 3.9 Stealth
 + Level 3.9 Shields
 + Level 7.7 Unarmed Combat
 + Level 6.4 Spellcasting
 + Level 3.2 Conjurations
 + Level 3.2 Hexes
 + Level 3.2 Summonings
 + Level 3.2 Necromancy
 + Level 3.2 Translocations
 + Level 5.0 Transmutations
 + Level 3.2 Fire Magic
 + Level 3.2 Ice Magic
 + Level 3.2 Air Magic
 + Level 3.2 Earth Magic
 + Level 3.2 Poison Magic
 + Level 4.3 Invocations
 + Level 3.9 Evocations


You had 5 spell levels left.
You knew the following spells:

 Your Spells              Type           Power        Failure   Level
a - Beastly Appendage     Tmut           ####..       1%          1
b - Wereblood             Tmut           ####....     1%          2
c - Spider Form           Tmut/Pois      ###.......   6%          3
d - Ice Form              Ice/Tmut       ###.....     19%         4
e - Blade Hands           Tmut           ####......   36%         5

Your spell library contained the following spells:

 Spells                   Type           Power        Failure   Level


Dungeon Overview and Level Annotations

Branches:
Dungeon (8/15)             Temple (0/1) D:7         Ossuary (visited)
   Lair: D:8-11

Altars:
Ashenzari
Kikubaaqudgha
Makhleb
Okawaru
Qazlal
Ru
Sif Muna
Trog
Yredelemnul
Zin
The Shining One

Shops:
D:6 (*


Innate Abilities, Weirdness & Mutations

Your experience applies equally to all skills.
((You have very sharp teeth.))
Your uncanny sense of smell can sniff out nearby items.
You are surrounded by a mild repulsion field. (EV +2)
((You are partially covered in slimy green scales. (AC +2)))
You possess an exceptional clarity of mind.
Your body sometimes deteriorates upon taking damage.


Message History

You punch the bullfrog!
The bullfrog seems to slow down.
You freeze the bullfrog.
The bullfrog is severely wounded.
You feel sick. The killer bee barely misses you.
The killer bee completely misses you.
The bullfrog hits you but does no damage.
The bullfrog hits you.
* * * LOW HITPOINT WARNING * * *
The killer bee stings you.
* * * LOW HITPOINT WARNING * * *
Unknown command.
You barely miss the killer bee.
The killer bee is severely wounded.
The killer bee completely misses you. The killer bee misses you.
Unknown command.
Unknown command.
You punch the bullfrog! You freeze the bullfrog.
The bullfrog is almost dead.
The killer bee stings you!
You die...

....#......##
.............#
...........!..##
..........#....#
..............#
..............#
...>....y(†...###
#.......yYF.?....
.....#..F........
#..<.........
##...........
#...........
..!.........
..#..........
..##..?#.?....
... ....###...


You could see 2 bullfrogs and 2 killer bees.

Vanquished Creatures
  Edmund (D:6)
  A sky beast (D:6)
  An ogre (D:7)
  A centaur (D:6)
  An elf zombie (Ossuary)
  2 bullfrogs (D:7)
  3 scorpions
  3 killer bees (D:8)
  2 jellies
  4 howler monkeys
  A bullfrog zombie (D:7)
  A centaur zombie (Ossuary)
  4 human zombies (Ossuary)
  2 hounds
  2 bullfrog skeletons (D:4)
  2 orc priests
  An orc wizard (D:5)
  2 worker ants (D:6)
  A killer bee zombie (D:6)
  3 big kobold zombies (Ossuary)
  2 hound zombies (Ossuary)
  3 mummies (Ossuary)
  10 adders
  2 shadow imps
  A white imp (D:5)
  2 ufetubi (D:5)
  4 adder zombies (Ossuary)
  An adder skeleton (D:5)
  2 worms
  A dart slug (D:3)
  3 leopard geckos
  10 orcs
  3 giant cockroaches
  A gnoll zombie (Ossuary)
  7 goblins
  8 hobgoblins
  17 jackals
  3 quokkas
  A ball python (D:2)
  11 bats
  6 frilled lizards
  5 goblin zombies (Ossuary)
  2 hobgoblin zombies (Ossuary)
  A jackal skeleton (D:4)
  4 jackal zombies (Ossuary)
  7 kobolds
  2 kobold zombies (Ossuary)
  2 orc zombies (Ossuary)
  A quokka skeleton (D:5)
  A quokka zombie (Ossuary)
  10 rats
  3 rat zombies (Ossuary)
174 creatures vanquished.

Notes
Turn   | Place    | Note
-------+----------+-------------------------------------------
     0 | D:1      | runemasterragnar the Gnoll Transmuter began the quest for
                  | the Orb.
     0 | D:1      | Reached XP level 1. HP: 17/17 MP: 6/6
   265 | D:1      | Reached XP level 2. HP: 23/23 MP: 5/7
   576 | D:1      | Reached XP level 3. HP: 28/28 MP: 7/9
   580 | D:1      | Reached skill level 5 in Spellcasting
   792 | D:2      | Reached skill level 1 in Invocations
  1201 | D:2      | Learned a level 2 spell: Wereblood
  1205 | D:2      | Learned a level 3 spell: Spider Form
  1209 | D:2      | Reached skill level 1 in Short Blades
  1209 | D:2      | Reached skill level 1 in Long Blades
  1209 | D:2      | Reached skill level 1 in Axes
  1209 | D:2      | Reached skill level 1 in Maces & Flails
  1209 | D:2      | Reached skill level 1 in Polearms
  1209 | D:2      | Reached skill level 1 in Staves
  1209 | D:2      | Reached skill level 1 in Slings
  1209 | D:2      | Reached skill level 1 in Bows
  1209 | D:2      | Reached skill level 1 in Crossbows
  1209 | D:2      | Reached skill level 1 in Throwing
  1209 | D:2      | Reached skill level 1 in Armour
  1209 | D:2      | Reached skill level 1 in Stealth
  1209 | D:2      | Reached skill level 1 in Shields
  1209 | D:2      | Reached skill level 1 in Evocations
  1425 | D:2      | Reached XP level 4. HP: 19/34 MP: 11/11
  2237 | D:2      | Found a shimmering blue altar of Sif Muna.
  2406 | D:2      | Became a worshipper of Sif Muna the Loreminder
  2458 | D:3      | Reached skill level 1 in Conjurations
  2458 | D:3      | Reached skill level 1 in Hexes
  2458 | D:3      | Reached skill level 1 in Summonings
  2458 | D:3      | Reached skill level 1 in Necromancy
  2458 | D:3      | Reached skill level 1 in Translocations
  2458 | D:3      | Reached skill level 1 in Fire Magic
  2458 | D:3      | Reached skill level 1 in Ice Magic
  2458 | D:3      | Reached skill level 1 in Air Magic
  2458 | D:3      | Reached skill level 1 in Earth Magic
  2458 | D:3      | Reached skill level 1 in Poison Magic
  2621 | D:3      | Reached XP level 5. HP: 31/40 MP: 12/12
  2780 | D:3      | Found a basalt altar of Yredelemnul.
  3145 | D:3      | Found a faded altar of an unknown god.
  3339 | D:3      | Found a faded altar of an unknown god.
  3339 | D:3      | Found a sacrificial altar of Ru.
  3344 | D:3      | Found a shimmering blue altar of Sif Muna.
  3383 | D:3      | Found a glowing golden altar of the Shining One.
  3385 | D:3      | Found a broken altar of Ashenzari.
  3782 | D:4      | Gained mutation: You possess an exceptional clarity of
                  | mind. [potion of mutation]
  3782 | D:4      | Gained mutation: You are surrounded by a mild repulsion
                  | field. (EV +2) [potion of mutation]
  3782 | D:4      | Gained mutation: Your body sometimes deteriorates upon
                  | taking damage. [potion of mutation]
  3782 | D:4      | Gained mutation: You are partially covered in slimy green
                  | scales. (AC +2) [potion of mutation]
  3783 | D:4      | HP: 3/61 [bullfrog skeleton (3)]
  3787 | D:4      | Reached XP level 6. HP: 16/47 MP: 10/13
  3947 | D:4      | Reached skill level 5 in Dodging
  4346 | D:5      | Entered Level 5 of the Dungeon
  5604 | D:6      | Noticed a sky beast
  5623 | D:6      | Killed a sky beast
  5624 | D:6      | Reached skill level 7 in Unarmed Combat
  5624 | D:6      | Reached XP level 7. HP: 47/52 MP: 11/15
  5661 | D:6      | Found Qetyicadagra's Weapon Emporium.
  6291 | D:6      | Noticed Edmund
  6313 | D:6      | Killed Edmund
  6314 | D:6      | Reached XP level 8. HP: 35/60 MP: 14/16
  6588 | D:6      | Found Nifius's Assorted Antiques.
  6634 | D:7      | Found an iron altar of Okawaru.
  6685 | D:7      | Reached * piety under Sif Muna
  6746 | D:7      | Learned a level 4 spell: Ice Form
  6752 | D:7      | Learned a level 5 spell: Blade Hands
  6865 | D:7      | Found a stormy altar of Qazlal.
  6940 | D:7      | Found a burning altar of Makhleb.
  6949 | D:7      | Found a glowing silver altar of Zin.
  7088 | D:7      | Found an ancient bone altar of Kikubaaqudgha.
  7124 | D:7      | Found a bloodstained altar of Trog.
  7127 | D:7      | Found a sand-covered staircase.
  7131 | Ossuary  | Entered an ossuary
  7310 | Ossuary  | Reached ** piety under Sif Muna
  7882 | D:7      | Reached XP level 9. HP: 66/66 MP: 12/18
  7934 | D:7      | Reached skill level 5 in Transmutations
  8012 | D:7      | Found a staircase to the Ecumenical Temple.
  8255 | D:8      | HP: 5/120 [bullfrog (3)]
  8257 | D:8      | Slain by a killer bee

Illustrated notes

Levels and vault maps discovered:
D:1:      sevenhm_arrival_forest_fort_large_4, layout_rooms, minmay_unequal
D:2:      layout_basic, led_sif_pool
D:3:      layout_loops_corners, chequers_temple_overflow_minitemple,
          nicolae_overflow_crystal_walls, chequers_ecumenical_altar_twisty,
          hangedman_decor_points
D:4:      layout_gridville, chequers_serial_rivers_small_3
D:5:      layout_loops_corners
D:6:      layout_basic, serial_shops, shop, shop, hangedman_decor_lopped,
          uniq_edmund
D:7:      layout_basic, overflow_temple_1_default,
          nicolae_overflow_quartered_altars, nicolae_overflow_hidden_temple,
          minmay_temple_entry_enclosed_plants,
          nicolae_ossuary_entry_false_entrances
D:8:      layout_cave_pools, lair_entry_dummy, grunt_potential

Skill      XL: |  1  2  3  4  5  6  7  8  9 |
---------------+----------------------------+-----
Spellcasting   | 5 6 |  6.4
Invocations    | 1 2 3 4 |  4.3
Short Blades   | 1 2 3 |  3.9
Long Blades    | 1 2 3 |  3.9
Axes           | 1 2 3 |  3.9
Maces & Flails | 1 2 3 |  3.9
Polearms       | 1 2 3 |  3.9
Staves         | 1 2 3 |  3.9
Slings         | 1 2 3 |  3.9
Bows           | 1 2 3 |  3.9
Crossbows      | 1 2 3 |  3.9
Throwing       | 1 2 3 |  3.9
Armour         | 1 2 3 |  3.9
Stealth        | 1 2 3 |  3.9
Shields        | 1 2 3 |  3.9
Evocations     | 1 2 3 |  3.9
Conjurations   | 1 2 3 |  3.2
Hexes          | 1 2 3 |  3.2
Summonings     | 1 2 3 |  3.2
Necromancy     | 1 2 3 |  3.2
Translocations | 1 2 3 |  3.2
Fire Magic     | 1 2 3 |  3.2
Ice Magic      | 1 2 3 |  3.2
Air Magic      | 1 2 3 |  3.2
Earth Magic    | 1 2 3 |  3.2
Poison Magic   | 1 2 3 |  3.2
Fighting       | 3 4 |  4.8
Transmutations | 4 5 |  5.0
Dodging        | 5 6 |  6.1
Unarmed Combat | 7 |  7.7

Action                   |  1- 3 |  4- 6 |  7- 9 || total
-------------------------+-------+-------+-------++-------
Melee: Unarmed           |    21 |    26 |   156 ||   203
       Short sword       |    62 |   161 |   142 ||   365
       Bite              |     6 |    17 |    13 ||    36
       Headbutt          |     2 |     5 |       ||     7
       Kick              |     4 |     3 |       ||     7
       Punch             |     3 |     3 |     6 ||    12
Throw: Dart              |     1 |       |       ||     1
 Cast: Beastly Appendage |     6 |     6 |       ||    12
       Spider Form       |     1 |     4 |     7 ||    12
       Ice Form          |       |       |     7 ||     7
       Blade Hands       |       |       |     1 ||     1
Evoke: Wand              |       |     3 |       ||     3
  Use: Scroll            |     2 |       |     6 ||     8
       Potion            |     1 |     5 |     1 ||     7
 Stab: Sleeping          |     3 |       |    11 ||    14
Armor: Robe              |    10 |    20 |    18 ||    48
       Skin              |     1 |    25 |    35 ||    61
Dodge: Dodged            |    78 |   188 |   259 ||   525

Table legend: (Time is in decaauts)
 A = Elapsed time spent in this place.
 B = Non-inter-level travel time spent in this place.
 C = Inter-level travel time spent in this place.
 D = Time resting spent in this place.
 E = Time spent auto-exploring this place.
 F = Levels seen in this place.
 G = Mean time per level.
                   A        B        C        D        E       F      G
               +--------+--------+--------+--------+--------+-----+--------+
         Total |   8224 |   8033 |    191 |   1043 |   5694 |   9 |  913.8 |
       Dungeon |   7520 |   7329 |    191 |   1043 |   5224 |   8 |  940.0 |
       Ossuary |    704 |    704 |      0 |      0 |    470 |   1 |  704.0 |
               +--------+--------+--------+--------+--------+-----+--------+

Top non-repeatable levels by time:
     D:2: 1657 daAuts
     D:5: 1454 daAuts
     D:3: 1171 daAuts
     D:7: 876 daAuts
     D:6: 826 daAuts
     D:1: 786 daAuts
     D:4: 734 daAuts
 Ossuary: 704 daAuts
     D:8: 12 daAuts
